 Dungeon Crawl Stone Soup version 0.31-a0-188-g5e087ee2ca (webtiles) character file.

Game seed: 3300328709797766812

53 qw the Shooter (level 3, 0/20 HPs)
             Began as a Deep Elf Hunter on June 22, 2023.
             Slain by a goblin
             ... wielding a +0 club
             ... led by Robin
              (3 damage)
             ... on level 2 of the Dungeon.
             The game lasted 00:00:20 (1174 turns).

qw the Shooter (Deep Elf Hunter)                    Turns: 1174, Time: 00:00:21

Health: 0/20       AC:  5    Str: 10    XL:     3   Next: 62%
Magic:  5/5        EV: 11    Int: 13    God:
Gold:   51         SH:  0    Dex: 18    Spells: 2/2 levels left

rFire   . . .        Y - +0 shortbow (freeze)
rCold   . . .        (shield currently unavailable)
rNeg    . . .        j - +0 ring mail
rPois   .            (no helmet)
rElec   .            (no cloak)
rCorr   .            (no gloves)
SInv    .            (no boots)
Will    .....        (no amulet)
Stlth   +            (no ring)
HPRegen 0.23/turn    (no ring)
MPRegen 0.09/turn

%: no passive effects
@: no status effects
A: no striking features
a: no special abilities


You were on level 2 of the Dungeon.
You visited 1 branch of the dungeon, and saw 2 of its levels.

You collected 51 gold pieces.


   Skills:
 - Level 1.5 Fighting
 + Level 7.1 Ranged Weapons
 - Level 2.4 Dodging
 - Level 1.2 Stealth


You had 2 spell levels left.
You didn't know any spells.
Your spell library was empty.

Inventory:

Hand Weapons
 Y - a +0 shortbow of freezing (weapon)
Armour
 j - a +0 ring mail (worn)
Potions
 g - a potion of curing {unknown}

Dungeon Overview and Level Annotations

Branches:
Dungeon (2/15)

Altars:


Message History

You shoot an arrow. The arrow hits the goblin.
The arrow freezes the goblin.
You kill the goblin!
The goblin no longer looks unusually strong.
The goblin barely misses you.
You shoot an arrow. The arrow hits the goblin.
The arrow freezes the goblin.
You kill the goblin!
The goblin hits you with a +0 club. The goblin hits you but does no damage.
The goblin hits you with a +0 club.
You shoot an arrow. The arrow barely misses the goblin.
The arrow hits the hobgoblin!
The arrow freezes the hobgoblin.
You kill the hobgoblin!
The goblin barely misses you. The goblin hits you with a +0 dagger.
You shoot an arrow. The arrow hits the goblin.
The arrow freezes the goblin.
The goblin is heavily wounded.
The goblin no longer looks unusually strong.
The goblin barely misses you. x2
You shoot an arrow. The arrow hits the goblin.
The arrow freezes the goblin.
You kill the goblin!
The goblin misses you.
You shoot an arrow. The arrow hits the hobgoblin.
The arrow freezes the hobgoblin.
The hobgoblin is heavily wounded.
The hobgoblin hits you. The goblin hits you but does no damage.
You shoot an arrow.
The arrow hits the hobgoblin but does no damage.
The hobgoblin is heavily wounded.
The hobgoblin closely misses you. The goblin hits you with a +0 club.
You shoot an arrow. The arrow hits the hobgoblin.
The arrow freezes the hobgoblin.
The hobgoblin is almost dead.
The hobgoblin hits you but does no damage.
The goblin closely misses you.
You shoot an arrow. The arrow hits the hobgoblin.
The arrow freezes the hobgoblin.
You kill the hobgoblin!
The goblin hits you but does no damage. The goblin barely misses you.
The goblin hits you with a +0 club.
You shoot an arrow. The arrow barely misses the goblin.
The goblin hits you with a +0 club.
You die...

.# ... ..#
#..##.# ...#.#
#...# #..####
#### #.gg)###
#...##.#@).$#
#.....<#.##.....
#.....##.# .>#
##.......# +
####.#### #.#
#.# #.# #.#


You could see 2 goblins.

Vanquished Creatures
  Robin (D:2)
  An adder (D:2)
  A worm (D:2)
  2 endoplasms (D:1)
  7 goblins
  7 hobgoblins
  2 kobolds (D:1)
  A quokka (D:1)
  A frilled lizard (D:1)
  3 rats (D:1)
26 creatures vanquished.

Notes
Turn   | Place    | Note
-------+----------+-------------------------------------------
     0 | D:1      | qw the Deep Elf Hunter began the quest for the Orb.
     0 | D:1      | Reached XP level 1. HP: 12/12 MP: 3/3
     0 | D:1      | 0 ||| qw: Version: 0.3-a-9-g12657ce
     0 | D:1      | 0 ||| qw: Game counter: 2769
     0 | D:1      | 0 ||| qw: Always use a shield: true
     0 | D:1      | 0 ||| qw: God list: Okawaru
     0 | D:1      | 0 ||| qw: Allow faded altars: false
     0 | D:1      | 0 ||| qw: Do Orc after D:15 true
     0 | D:1      | 0 ||| qw: Do second Lair branch before Depths: true
     0 | D:1      | 0 ||| qw: Lair rune preference: random
     0 | D:1      | 0 ||| qw: Plans: Normal
     0 | D:1      | 0 ||| PLANNING D:1-11
   346 | D:1      | Reached XP level 2. HP: 13/16 MP: 4/4
   476 | D:1      | Reached skill level 6 in Ranged Weapons
   559 | D:1      | 559 ||| Stepping ~*~*~tactically~*~*~ (water).
   561 | D:1      | 561 ||| Stepping ~*~*~tactically~*~*~ (water).
  1098 | D:1      | 1098 ||| UPGRADING to +0 ring mail.
  1108 | D:1      | 1108 ||| DROPPING +0 leather armour.
  1109 | D:1      | 1109 ||| READING 3 scrolls labelled FAV ECIWUVOFA.
  1110 | D:1      | 1110 ||| READING scroll labelled ETAFIG ROJANT.
  1111 | D:1      | 1111 ||| READING 4 scrolls labelled YBARPH ESEU.
  1112 | D:1      | 1112 ||| READING scroll labelled ZIYSAN OXUISSI.
  1113 | D:1      | 1113 ||| READING scroll labelled UWKOXA USHRUHEMO.
  1114 | D:1      | 1114 ||| DROPPING 2 scrolls of immolation.
  1115 | D:1      | 1115 ||| DROPPING scroll of butterflies.
  1116 | D:1      | 1116 ||| DROPPING 3 scrolls of revelation.
  1142 | D:2      | Reached XP level 3. HP: 12/20 MP: 5/5
  1149 | D:2      | 1149 ||| FLEEEEING.
  1149 | D:2      | Noticed Robin
  1151 | D:2      | 1151 ||| Stepping ~*~*~tactically~*~*~ (outnumbered).
  1162 | D:2      | Killed Robin
  1163 | D:2      | Reached skill level 7 in Ranged Weapons
  1173 | D:2      | HP: 3/20 [goblin/+0 club[Robin] (4)]
  1174 | D:2      | Slain by a goblin

Levels and vault maps discovered:
D:1:      lightli_arrival_flooded_house, layout_basic, serial_rivers,
          chequers_serial_rivers_micro_c, chequers_serial_rivers_micro_c,
          chequers_serial_rivers_small_a, chequers_serial_rivers_small_3,
          chequers_serial_rivers_small_b
D:2:      layout_basic, uniq_robin

Skill      XL: |  1  2  3 |
---------------+----------+-----
Ranged Weapons | 6 7 |  7.1
Fighting       | |  1.5
Dodging        | |  2.4
Stealth        | |  1.2

Action                     || total
---------------------------++-------
   Fire: Shortbow          ||    81
    Use: Scroll            ||     5
 Armour: Leather armour    ||     1
         Ring mail         ||     8
  Dodge: Dodged            ||    29

Table legend:
 A = Non-vault XP
 B = Vault XP
 C = Vault XP percentage of total XP
 D = Non-vault monster count
 E = Vault monster count
 F = Vault count percentage of total count
                 A         B        C        D         E       F
            +---------+---------+-------+---------+---------+-------
      Total |      45 |      31 |  40.8 |      17 |       9 |  34.6
            +---------+---------+-------+---------+---------+-------
        D:1 |      24 |       0 |   0.0 |      14 |       0 |   0.0
        D:2 |      21 |      31 |  59.6 |       3 |       9 |  75.0
            +---------+---------+-------+---------+---------+-------
